 Dungeon Crawl Stone Soup version 0.23-a0-350-g6fd5563 (webtiles) character file.

196 Garbasso the Vandal (level 6, -16/39 HPs)
             Began as a Halfling Arcane Marksman on Oct 20, 2018.
             Demolished by an ogre
             ... wielding a +0 giant club
              (26 damage)
             ... on level 4 of the Dungeon.
             The game lasted 00:12:50 (3666 turns).

Garbasso the Vandal (Halfling Arcane Marksman)      Turns: 3666, Time: 00:12:50

Health: -16/39     AC:  3    Str: 12    XL:     6   Next: 4%
Magic:  7/7        EV: 15    Int: 12    God:
Gold:   78         SH:  7    Dex: 15    Spells: 3/7 levels left

rFire    . . .     SeeInvis .   b - +0 short sword (venom)
rCold    . . .     Gourm    .   s - +0 buckler
rNeg     . . .     Faith    .   q - +0 leather armour (curse)
rPois    .         Spirit   .   (no helmet)
rElec    .         Reflect  +   (no cloak)
rCorr    .         Harm     .   (no gloves)
MR       .....                  (no boots)
Stlth    ++........             l - +3 amulet of reflection
HPRegen  0.13/turn              t - ring of stealth
MPRegen  0.10/turn              (no ring)

@: no status effects
A: small, mutation resistance 1
a: no special abilities


You were on level 4 of the Dungeon.
You were not hungry.

You visited 1 branch of the dungeon, and saw 4 of its levels.

You collected 78 gold pieces.

Inventory:

Hand Weapons
 a - a +0 hunting sling
 b - a +0 short sword of venom (weapon)
Missiles
 d - 69 sling bullets
 g - 10 poisoned needles
 i - 137 stones (quivered)
Armour
 q - a cursed +0 leather armour (worn)
 s - a +0 buckler (worn)
Jewellery
 l - a +3 amulet of reflection (around neck)
 t - a ring of stealth (left hand)
Scrolls
 e - 2 scrolls of enchant weapon {unknown}
 k - 2 scrolls of teleportation {unknown}
 m - 2 scrolls of identify
Potions
 c - a potion of might
 h - 2 potions of heal wounds
 j - a potion of cancellation {unknown}
 n - 2 potions of haste {unknown}
 o - a potion of invisibility {unknown}
 p - 4 potions of curing {unknown}
Comestibles
 f - 4 rations


   Skills:
 + Level 2.2 Fighting
 + Level 5.0 Slings
 + Level 3.5 Dodging
 - Level 1.0 Spellcasting
 - Level 2.4 Hexes
 * Level 2.9 Translocations


You had 3 spell levels left.
You knew the following spells:

 Your Spells              Type           Power        Failure   Level  Hunger
a - Corona                Hex            #......      26%         1    ##.....
b - Portal Projectile     Hex/Tloc       #.....       54%         3    ####...

Your spell library contained the following spells:

 Spells                   Type           Power        Failure   Level  Hunger
 Apportation              Tloc           #.....       21%         1    ##.....
 Confusing Touch          Hex            #.....       26%         1    ##.....
 Slow                     Hex            #.......     36%         2    ###....
 Animate Skeleton         Necr           N/A          54%         1    ##.....
 Summon Small Mammal      Summ           #...         54%         1    ##.....
 Inner Flame              Hex/Fire       #.......     77%         3    ####...
 Cause Fear               Hex            #.........   94%         4    #####..
 Leda's Liquefaction      Hex/Erth       #.........   99%         4    #####..


Dungeon Overview and Level Annotations

Branches:
Dungeon (4/15)
 Temple: D:4-7

Altars:


Innate Abilities, Weirdness & Mutations

You are small and have problems with some larger weapons.
You are somewhat resistant to further mutation.


Message History

You aren't carrying any items that you can evoke.
Throwing (i - inventory)
i - 138 stones (quivered)
Press: ? - help, Shift-Dir - straight line, f/p - ogre
Aim: an ogre, wielding a +0 giant club (moderately wounded)
You throw a stone. The stone completely misses the ogre.
The ogre closely misses you. The ogre misses you.
You hit the ogre.
The ogre is heavily wounded.
The ogre hits you with a +0 giant club!!
Ouch! That really hurt!
* * * LOW HITPOINT WARNING * * *
You see here a stone.
An adder comes into view.
The adder hisses angrily.
There is a stone staircase leading up here.
Found a scroll labeled XUER KOXZIAMO.
The ogre hits you with a +0 giant club!!
Ouch! That really hurt!
You die...

.##......#
.##......#
.^#..(...# ######
..#......# .#.?..#
..#......# #..#....#
.........#...##....#
............# #....#
.#####.....## #....#
## ###.########O@..#
####...# ##..S...#
..(..#######..##.###
#########....###.# #
#...#### ..# #
##.#### .## ##
##<....## . .#
##...........
.###...........


You could see an ogre and an adder.

Vanquished Creatures
  A howler monkey (D:3)
  5 adders
  An ooze (D:1)
  3 dart slugs
  8 worms
  A leopard gecko (D:3)
  7 orcs
  11 bats
  7 goblins
  7 hobgoblins
  2 jackals (D:1)
  2 quokkas
  4 frilled lizards
  12 kobolds
  5 rats
76 creatures vanquished.

Notes
Turn   | Place    | Note
-------+----------+-------------------------------------------
     0 | D:1      | Garbasso the Halfling Arcane Marksman began the quest for
                  | the Orb.
     0 | D:1      | Reached XP level 1. HP: 12/12 MP: 2/2
   236 | D:1      | Reached skill level 1 in Fighting
   245 | D:1      | Reached XP level 2. HP: 13/18 MP: 3/3
   535 | D:1      | Reached skill level 4 in Slings
   548 | D:1      | Reached XP level 3. HP: 20/23 MP: 4/4
   595 | D:1      | Learned a level 3 spell: Portal Projectile
  1546 | D:2      | Reached skill level 1 in Translocations
  1546 | D:2      | Reached XP level 4. HP: 27/28 MP: 5/5
  2340 | D:3      | Reached XP level 5. HP: 12/34 MP: 6/6
  3314 | D:4      | Noticed an ogre
  3323 | D:3      | Reached skill level 5 in Slings
  3541 | D:4      | Reached XP level 6. HP: 39/39 MP: 7/7
  3666 | D:4      | Demolished by an ogre

Vault maps used:
D:1:      eino_arrival_water_star
D:3:      cheibrodos_sewer_entry_bend, first_ration
D:4:      minmay_door_path, marbit_many_paths, grunt_gozag_statues, temple_hall

Skill      XL: |  1  2  3  4  5 |
---------------+----------------+-----
Fighting       | 1 2 |  2.2
Slings         | 4 5 |  5.0
Translocations | 1 2 |  2.9
Dodging        | 3 |  3.5
Spellcasting   | |  1.0
Hexes          | |  2.4

Action                   |  1- 3 |  4- 6 || total
-------------------------+-------+-------++-------
Melee: Unarmed           |    19 |       ||    19
       Short sword       |    13 |   125 ||   138
 Fire: Hunting sling     |   105 |    58 ||   163
Throw: Stone             |       |     1 ||     1
  Use: Scroll            |     3 |       ||     3
 Stab: Distracted        |       |     1 ||     1
  Eat: Chunk             |     1 |     4 ||     5
       Ration            |       |     1 ||     1
Armor: Robe              |    12 |     6 ||    18
       Leather armour    |       |     9 ||     9
Dodge: Dodged            |    54 |   104 ||   158
Block: Other             |     2 |    15 ||    17
       Buckler           |       |     9 ||     9

Table legend:
 A = Non-vault XP
 B = Vault XP
 C = Vault XP percentage of total XP
 D = Non-vault monster count
 E = Vault monster count
 F = Vault count percentage of total count
                 A         B        C        D         E       F
            +---------+---------+-------+---------+---------+-------
      Total |     271 |      10 |   3.6 |      74 |       2 |   2.6
            +---------+---------+-------+---------+---------+-------
        D:1 |      44 |       0 |   0.0 |      22 |       0 |   0.0
        D:2 |      63 |       0 |   0.0 |      21 |       0 |   0.0
        D:3 |     147 |      10 |   6.4 |      28 |       2 |   6.7
        D:4 |      17 |       0 |   0.0 |       3 |       0 |   0.0
            +---------+---------+-------+---------+---------+-------
